 Dungeon Crawl Stone Soup version 0.18-a0-1637-g109f206 (webtiles) character file.

375 Ratboiler the Covert (level 6, -1/30 HPs)
             Began as a Spriggan Wanderer on Mar 26, 2016.
             Was a Believer of Okawaru.
             Killed from afar by an orc wizard (14 damage)
             ... with a puff of flame
             ... on level 6 of the Dungeon.
             The game lasted 00:09:34 (4860 turns).

Ratboiler the Covert (Spriggan Wanderer)            Turns: 4860, Time: 00:09:35

Health: -1/30      AC:  6    Str:  6    XL:     6   Next: 44%
Magic:  7/7        EV: 15    Int: 21    God:    Okawaru [**....]
Gold:   243        SH:  0    Dex: 20    Spells: 0 memorised, 5 levels left

rFire  . . .     SeeInvis +     a - +2 quarterstaff
rCold  . . .     Gourm    .     d - +1 robe
rNeg   . . .     Faith    .     (shield currently unavailable)
rPois  .         Spirit   .     (helmet restricted)
rElec  .         Dismiss  .     u - +2 cloak of Action {Int+6}
rCorr  .         Reflect  .     (gloves unavailable)
SustAt .         Harm     .     (boots unavailable)
MR     +....                    (no amulet)
Stlth  ++++......               (no ring)
                                n - ring of loudness (curse)

@: very slightly contaminated, hasted, very quick, somewhat resistant to hostile
enchantments, stealthy
A: unfitting armour, see invisible, agile 1, herbivore 3, speed 3, slow
metabolism 2
a: Heroism, Renounce Religion


You were on level 6 of the Dungeon.
You worshipped Okawaru.
Okawaru was pleased with you.
You were not hungry.

You visited 1 branch of the dungeon, and saw 7 of its levels.

You collected 335 gold pieces.
You spent 92 gold pieces at shops.

Inventory:

Hand Weapons
 a - a +2 quarterstaff (weapon)
 b - a +0 dagger
 e - a +0 falchion
Missiles
 r - 25 poisoned needles
Armour
 d - a +1 robe (worn)
 u - the +2 cloak of Action (worn) {Int+6}
   (You found it on level 4 of the Dungeon)

   It affects your intelligence (+6).
Jewellery
 n - a cursed ring of loudness (left hand)
Wands
 g - a wand of teleportation (5/9)
Scrolls
 i - 5 scrolls of blinking
 k - a scroll of teleportation
 l - 2 scrolls of recharging
 m - a scroll of random uselessness
 o - 3 scrolls of enchant armour
 s - a scroll of amnesia {unknown}
Potions
 c - 6 potions of lignification
 h - a potion of cancellation
 j - 3 potions of brilliance
 q - a potion of heal wounds
 t - a potion of haste
 v - 2 potions of flight
 w - a potion of degeneration {unknown}
 x - a potion of berserk rage {unknown}
 z - a potion of agility {unknown}
 A - a potion of might {unknown}
Comestibles
 f - 4 bread rations
 p - 3 fruits


   Skills:
 - Level 1.0 Fighting
 + Level 7.2 Short Blades
 - Level 1.0 Staves
 - Level 8.8 Stealth
   Level 1.0 Shields


You had 5 spell levels left.
You didn't know any spells.

Dungeon Overview and Level Annotations

Branches:
Dungeon (7/15)
 Temple: D:4-7

Altars:
Kikubaaqudgha
Okawaru
Pakellas
Vehumet
Yredelemnul

Shops:
D:4 *   D:6 [

Annotations:
D:6 Edmund


Innate Abilities, Weirdness & Mutations

You are tiny and cannot use many weapons and most armour.
You have supernaturally acute eyesight.
You are a herbivore.
You cover ground extremely quickly.
You need consume almost no food.
You are agile. (Dex +2)


Message History

The orc wizard closely misses you.
You hit the orc wizard.
The orc wizard is moderately wounded.
You closely miss the orc wizard.
The orc wizard is moderately wounded.
The orc wizard hits you but does no damage.
You closely miss the orc wizard.
The orc wizard is moderately wounded.
The orc wizard hits you but does no damage.
You barely miss the orc wizard.
The orc wizard is moderately wounded.
The orc wizard misses you.
You closely miss the orc wizard.
The orc wizard is moderately wounded.
The orc wizard barely misses you.
You hit the orc wizard but do no damage.
The orc wizard is moderately wounded.
The orc wizard casts a spell at you. The puff of flame hits you!
You die...

#######
#..#..##
#_)'...## ###
#..#....## ..#
####.....# #.#
#..#.⌠.⌠.###.#
#_o@).⌠....#.#
#..#.⌠.⌠.#...#
####.....###.#
#....## #.#
+...## #.#
#..## #.# ####
##.## #.#...#
#.#.#.#


You could see an orc wizard.

Vanquished Creatures
  A scorpion (D:5)
  A howler monkey (D:5)
  2 orc wizards (D:6)
  An iguana (D:5)
  2 worker ants (D:4)
  4 adders
  A shadow imp (D:5)
  An adder zombie (D:3)
  2 worms
  6 dart slugs
  3 giant geckos
  6 orcs
  8 bats
  2 giant cockroaches
  5 goblins
  4 hobgoblins
  2 quokkas
  A ball python (D:1)
  A ball python skeleton (D:4)
  6 giant newts
  10 kobolds
  7 rats
76 creatures vanquished.

Vanquished Creatures (others)
  An orc wizard (D:6)
1 creature vanquished.

Grand Total: 77 creatures vanquished

Notes
Turn   | Place    | Note
--------------------------------------------------------------
     0 | D:1      | Ratboiler the Spriggan Wanderer began the quest for the Orb.
     0 | D:1      | Ratboiler set off with: a +2 quarterstaff, a +0 falchion, a potion of lignification, a +0 robe, a +0 dagger, a bread ration
     0 | D:1      | Reached XP level 1. HP: 10/10 MP: 2/2
   374 | D:1      | Reached XP level 2. HP: 14/14 MP: 3/3
   819 | D:2      | Reached XP level 3. HP: 18/18 MP: 4/4
  1903 | D:3      | Reached XP level 4. HP: 22/22 MP: 5/5
  2493 | D:3      | Found a faded altar to an unknown god.
  2535 | D:3      | Became a worshipper of Warmaster Okawaru
  2535 | D:3      | Reached * piety under Okawaru
  2838 | D:4      | Got a translucent cloak
  2844 | D:4      | Identified the +2 cloak of Action {Int+6} (You found it on level 4 of the Dungeon)
  2874 | D:4      | Gained mutation: You are agile. (Dex +2) [potion of beneficial mutation]
  3004 | D:4      | Found an oddly glowing altar of Pakellas.
  3016 | D:4      | Found Alui's Assorted Antiques.
  3031 | D:4      | Bought a scroll of identify for 46 gold pieces
  3031 | D:4      | Bought a scroll of identify for 46 gold pieces
  3427 | D:4      | Reached skill level 5 in Short Blades
  3527 | D:4      | Reached XP level 5. HP: 25/25 MP: 6/6
  3722 | D:5      | Entered Level 5 of the Dungeon
  3722 | D:5      | Found a basalt altar of Yredelemnul.
  3730 | D:5      | Noticed an ogre
  3736 | D:5      | Noticed a centaur
  4366 | D:5      | Reached ** piety under Okawaru
  4366 | D:5      | Reached XP level 6. HP: 30/30 MP: 7/7
  4488 | D:6      | Noticed Edmund
  4767 | D:6      | Found Gycwess's Armour Emporium.
  4792 | D:6      | Found a radiant altar of Vehumet.
  4829 | D:6      | Found an ancient bone altar of Kikubaaqudgha.
  4860 | D:6      | Killed from afar by an orc wizard

Vault maps used:
D:1:      dpeg_arrival_rhombi, serial_curves, eino_curves_01, eino_curves_01,
          interstate_on_off
D:2:      first_bread
D:3:      ecumenical_altar_2
D:4:      grunt_pakellas_basics, serial_shops, shop, kennysheep_pointless_box
D:5:      nicolae_overflow_hidden_temple, roderic_bipointed_swastika,
          serial_bayou_pond_e, yredelemnul_altar_generic
D:6:      palyth_temple_overflow_mages, serial_shops, nicolae_shop_stone,
          uniq_edmund
D:7:      good_gods_mini_temple, okawaru_ov_weapons_minmay,
          minmay_temple_entry_hall

Skill      XL: |  1  2  3  4  5  6 |
---------------+-------------------+-----
Short Blades   | 2 3 4 5 6 7 |  7.2
Fighting       | |  1.0
Staves         | |  1.0
Stealth        | |  8.8
Shields        | |  1.0

Action                   |  1- 3 |  4- 6 || total
-------------------------+-------+-------++-------
Melee: Quarterstaff      |    80 |   140 ||   220
       Dagger            |    14 |    14 ||    28
  Use: Scroll            |     6 |     6 ||    12
       Potion            |       |     2 ||     2
 Stab: Sleeping          |    17 |    13 ||    30
  Eat: Pizza             |       |     1 ||     1
